 Dungeon Crawl Stone Soup version 0.20-a0-151-g755e310 (webtiles) character file.

21556 KristoblXynda the Blocker (level 12, -6/94 HPs)
             Began as a Red Draconian Fighter on Nov 22, 2016.
             Was a Priest of Ashenzari.
             Mangled by Rupert
             ... wielding a +0 great sword of protection
              (25 damage)
             ... on level 12 of the Dungeon.
             The game lasted 00:36:50 (14931 turns).

KristoblXynda the Blocker (Red Draconian Fighter)  Turns: 14931, Time: 00:36:51

Health: -6/94      AC: 17    Str: 17    XL:     12   Next: 55%
Magic:  17/17      EV: 19    Int: 17    God:    Ashenzari [***...]
Gold:   436        SH: 13    Dex:  9    Spells: 8/11 levels left

rFire  + . .     SeeInvis +     v - +5 long sword (curse)
rCold  + . .     Gourm    .     (armour unavailable)
rNeg   . . .     Faith    .     b - +1 shield
rPois  +         Spirit   .     l - +1 hat (curse)
rElec  .         Reflect  .     w - +2 cloak {rPois} (curse)
rCorr  .         Harm     .     g - +1 pair of gloves
MR     .....                    r - +2 pair of boots (curse)
Stlth  +.........               (no amulet)
                                (no ring)
                                d - +3 ring of evasion (curse)

@: very slightly contaminated
A: breathe fire, unfitting armour, hooves 1, clever 2, clumsy 1, cold resistance
1, fire resistance 1, poison resistance, weak 1, wild magic 1, cold-blooded, AC
+8
a: Breathe Fire, Curse Item, Scrying, Renounce Religion


You were on level 12 of the Dungeon.
You worshipped Ashenzari.
Ashenzari was most pleased with you.
You were hungry.

You visited 3 branches of the dungeon, and saw 14 of its levels.
You also visited: Sewer.

You collected 711 gold pieces.
You spent 275 gold pieces at shops.

Inventory:

Hand Weapons
 v - a cursed +5 long sword (weapon)
 z - a +2 whip of flaming
Missiles
 a - 2 throwing nets
 f - 2 javelins (quivered)
Armour
 b - a +1 shield (worn)
 g - a +1 pair of gloves (worn)
 l - a cursed +1 hat (worn)
 r - a cursed +2 pair of boots (worn)
 w - a cursed +2 cloak of poison resistance (worn)
Jewellery
 d - a cursed +3 ring of evasion (left hand)
Wands
 k - a wand of flame (16/48)
 y - a wand of digging (7/24)
 G - a wand of disintegration (0/24)
Scrolls
 h - 4 scrolls of magic mapping
 j - 4 scrolls of fog
 x - 2 scrolls of amnesia
Potions
 o - a potion of flight
 s - a potion of mutation
 t - a potion of brilliance {unknown}
 B - a potion of agility {unknown}
Books
 E - a book of Flames

   Spells                             Type                      Level
   a - Flame Tongue                   Conjuration/Fire             1
   b - Throw Flame                    Conjuration/Fire             2
   c - Conjure Flame                  Conjuration/Fire             3
   d - Inner Flame                    Hexes/Fire                   3
   e - Sticky Flame                   Conjuration/Fire             4
   f - Fireball                       Conjuration/Fire             5
 F - a book of Debilitation

   Spells                             Type                      Level
   a - Corona                         Hexes                        1
   b - Slow                           Hexes                        2
   c - Gell's Gravitas                Hexes/Translocation          3
   d - Inner Flame                    Hexes/Fire                   3
   e - Cause Fear                     Hexes                        4
   f - Leda's Liquefaction            Hexes/Earth                  4
Comestibles
 m - 3 beef jerkies
 p - 6 meat rations
 u - a bread ration
 A - 8 royal jellies


   Skills:
 + Level 5.6 Fighting
 - Level 11.7(14.3) Long Blades
 - Level 9.4(11.2) Dodging
 + Level 12.4 Shields
 + Level 0.0 Fire Magic
 - Level 7.2 Evocations


You had 8 spell levels left.
You knew the following spells:

 Your Spells              Type           Power        Failure   Level  Hunger
a - Conjure Flame         Conj/Fire      #.......     91%         3    ####...


Dungeon Overview and Level Annotations

Branches:
Dungeon (12/15)            Temple (1/1) D:6            Lair (1/6) D:9
    Orc (0/2) D:10

Altars:
Ashenzari
Cheibriados
Dithmenos
Elyvilon
Fedhas
Gozag
Hepliaklqana
Kikubaaqudgha
Makhleb
Nemelex Xobeh
Okawaru
Qazlal
Ru
Sif Muna
Trog
Uskayaw
Vehumet
Xom
Yredelemnul
Zin
The Shining One

Shops:
D:4 *   D:5 *   D:7 *

Portals:
Trove: D:12 (give wand of heal wounds (9))

Annotations:
D:11 McCoppin's ghost, journeyman HaHu
D:12 Rupert


Innate Abilities, Weirdness & Mutations

You can breathe blasts of fire.
Your fiery red scales are hard. (AC +8)
You cannot fit into any form of body armour.
Your flesh is heat resistant. (rF+)
You are cold-blooded and may be slowed by cold attacks.
You have large cloven feet.
Your mind is very acute. (Int +4)
You are clumsy. (Dex -2)
Your flesh is cold resistant. (rC+)
Your system is resistant to poisons. (rPois)
You are weak. (Str -2)
Your spells are a little harder to cast, but a little more powerful.


Message History

Rupert goes berserk!
Rupert hits you with a great sword of protection!
Rupert hits you with a great sword of protection.
Rupert barely misses you.
Rupert hits you with a great sword of protection!!
You can move again.
Rupert hits you with a great sword of protection.
Rupert hits you with a great sword of protection!!
Blink to where?
Press: ? - help, Dir - move target cursor, p - Rupert You are very lightly contaminated with residual magic.
As you read the scroll of blinking, it crumbles to dust.
Rupert rages.
You hear a shout!
You hear a shout!
Rupert hits you with a great sword of protection!!
* * * LOW HITPOINT WARNING * * *
You feel better.
Rupert hits you with a great sword of protection!!
You die...

##)###..................,,..
#..........###.#........ ..
#..#.##.>............... ..
#)##.##....##.##..###### ##
#(#...##..###.##..#
#)..∩.....###.##..# #####
#(#...#.......##..# #....
####.####.######..# #....
#.#.....@@.....######....
#......######..#...##....
###...[# ##.#..(##))..
#....# #.'...).)... #....#
###...##)).. ######
#...###### #...# #...# #...#


You could see Rupert (berserk).

Vanquished Creatures
  Harold (D:12)
  A hydra (D:10)
  The ghost of KristoblXynda the Carver, a journeyman DrFi of Cheibriados (D:11)
  Sonja (Lair:1)
  4 hill giants
  Pikel (D:7)
  The ghost of patrickswayze the Slicer, a novice DECK of Xom (D:8)
  A deep elf mage (D:12)
  3 ugly things (D:12)
  2 cyclopes (D:11)
  A black mamba (Lair:1)
  Joseph (D:8)
  A gargoyle (D:10)
  A spiny frog (Lair:1)
  3 komodo dragons
  2 trolls (D:11)
  2 polar bears (D:11)
  2 hippogriffs
  Sigmund (D:3)
  A wyvern (D:10)
  20 yaks
  4 hungry ghosts
  A steam dragon (D:12)
  Menkaure (D:7)
  Duvessa (D:7)
  2 porcupines (Lair:1)
  A swamp drake (D:10)
  3 ice beasts
  A slave (D:7)
  3 orc warriors
  3 sky beasts
  A black bear (D:8)
  6 ogres
  3 phantoms
  11 centaurs
  3 crocodiles
  8 big kobolds
  11 bullfrogs
  Dowan (D:7)
  4 scorpions
  4 killer bees (D:10)
  4 wights (D:5)
  2 howler monkeys
  A centaur zombie (D:11)
  2 bullfrog zombies
  9 crimson imps
  4 jellies (D:10)
  2 bullfrog skeletons
  3 orc priests (D:10)
  2 centaur skeletons
  2 hounds
  2 iguanas (D:4)
  12 orc wizards
  9 worker ants
  A killer bee zombie (D:9)
  A hound zombie (D:11)
  3 worker ant zombies
  14 adders
  4 shadow imps
  12 oozes
  5 worms
  3 adder skeletons
  2 dart slugs
  2 leopard geckos
  43 orcs
  4 ball pythons
  8 bats
  7 giant cockroaches
  10 goblins
  5 hobgoblins
  9 jackals
  A quokka (Lair:1)
  4 frilled lizards
  A jackal skeleton (D:3)
  A jackal zombie (D:5)
  16 kobolds
  2 quokka skeletons
  10 rats
345 creatures vanquished.

Vanquished Creatures (others)
  A slave (D:7)
  3 fungi (Lair:1)
  A plant (D:9)
5 creatures vanquished.

Grand Total: 350 creatures vanquished

Notes
Turn   | Place    | Note
-------+----------+-------------------------------------------
     0 | D:1      | KristoblXynda the Draconian Fighter began the quest for the Orb.
     0 | D:1      | Reached XP level 1. HP: 19/19 MP: 1/1
   186 | D:1      | Reached XP level 2. HP: 26/26 MP: 2/2
   404 | D:1      | Reached XP level 3. HP: 27/31 MP: 3/3
   881 | D:2      | Found an opulent altar of Gozag.
  1121 | D:3      | Reached XP level 4. HP: 38/38 MP: 4/4
  1184 | D:3      | Noticed a crocodile
  1198 | D:3      | Killed a crocodile
  1198 | D:3      | Reached skill level 4 in Shields
  1198 | D:3      | Reached XP level 5. HP: 6/45 MP: 5/5
  1639 | D:3      | Noticed Sigmund
  1665 | D:3      | Killed Sigmund
  1665 | D:3      | Reached XP level 6. HP: 15/51 MP: 6/6
  2445 | D:4      | Reached skill level 5 in Shields
  2445 | D:4      | Your scales start taking on a fiery red colour.
  2445 | D:4      | Reached XP level 7. HP: 44/57 MP: 7/7
  2445 | D:4      | Gained mutation: Your flesh is heat resistant. (rF+) [Red Draconian growth]
  2539 | D:4      | Found a glowing drain.
  2548 | Sewer    | Entered a sewer
  2666 | Sewer    | Reached skill level 5 in Long Blades
  2741 | Sewer    | Reached skill level 5 in Dodging
  2979 | Sewer    | Reached XP level 8. HP: 63/63 MP: 8/8
  3167 | Sewer    | Reached skill level 6 in Shields
  3290 | D:4      | Found Gukest's Assorted Antiques.
  3962 | D:5      | Entered Level 5 of the Dungeon
  4280 | D:5      | Found Zekhurr's Assorted Antiques.
  4284 | D:5      | Bought a scroll labeled LUUGGA QEAKLAI for 23 gold pieces
  4628 | D:5      | Reached skill level 7 in Shields
  4940 | D:5      | Gained mutation: Your spells are a little harder to cast, but a little more powerful. [mutagenic meat]
  4942 | D:5      | Gained mutation: Your spells are harder to cast, but more powerful. [mutagenic meat]
  4943 | D:5      | Gained mutation: You are weak. (Str -2) [mutagenic meat]
  4944 | D:5      | Gained mutation: Your mind is acute. (Int +2) [mutagenic meat]
  5177 | D:5      | Reached XP level 9. HP: 65/70 MP: 9/9
  5225 | D:6      | Found a shattered altar of Ashenzari.
  5279 | D:6      | Became a worshipper of Ashenzari the Shackled
  5719 | D:6      | Found a staircase to the Ecumenical Temple.
  5746 | Temple   | Entered the Ecumenical Temple
  6364 | D:7      | Reached skill level 8 in Shields
  6517 | D:7      | Found a shadowy altar of Dithmenos.
  6520 | D:7      | Noticed Duvessa
  6521 | D:7      | Noticed Dowan
  6538 | D:7      | Killed Duvessa
  6556 | D:7      | Killed Dowan
  6562 | D:7      | Found Nuthe's Assorted Antiques.
  6719 | D:7      | Reached * piety under Ashenzari
  6747 | D:7      | Noticed Pikel
  6760 | D:7      | Killed Pikel
  6800 | D:7      | Noticed Menkaure
  6805 | D:7      | Killed Menkaure
  6805 | D:7      | Reached XP level 10. HP: 64/77 MP: 10/10
  7101 | D:8      | Reached skill level 9 in Shields
  7112 | D:8      | Noticed patrickswayze's ghost (novice DECK)
  7202 | D:4      | Bought an embroidered cloak for 252 gold pieces
  7327 | D:8      | Killed patrickswayze's ghost
  7764 | D:8      | Gained mutation: You are clumsy. (Dex -2) [mutagenic meat]
  7765 | D:8      | Gained mutation: Your system is resistant to poisons. (rPois) [mutagenic meat]
  7771 | D:8      | Noticed Joseph
  7805 | D:8      | Killed Joseph
  8062 | D:9      | Found a staircase to the Lair.
  8113 | D:9      | Noticed a hill giant
  8123 | D:9      | Killed a hill giant
  8545 | D:9      | Reached skill level 10 in Shields
  8604 | Lair:1   | Entered Level 1 of the Lair of Beasts
  8635 | Lair:1   | Reached ** piety under Ashenzari
  8640 | Lair:1   | Noticed Sonja
  8646 | Lair:1   | Reached skill level 10 in Long Blades
  8657 | Lair:1   | Killed Sonja
  8720 | Lair:1   | Reached XP level 11. HP: 82/82 MP: 11/11
  8826 | Lair:1   | Found a white marble altar of Elyvilon.
  8888 | Lair:1   | Noticed a four-headed hydra
  9262 | Lair:1   | Reached skill level 1 in Evocations
  9632 | D:10     | Entered Level 10 of the Dungeon
  9932 | D:10     | Noticed a six-headed hydra
 10139 | D:10     | Found a staircase to the Orcish Mines.
 10421 | D:10     | Found an ancient bone altar of Kikubaaqudgha.
 10799 | D:10     | Killed an eight-headed hydra
 11011 | D:10     | Noticed a hill giant
 11022 | D:10     | Killed a hill giant
 11022 | D:10     | Reached skill level 11 in Shields
 11420 | D:11     | Reached *** piety under Ashenzari
 11546 | D:11     | Noticed KristoblXynda's ghost (journeyman DrFi)
 11590 | D:11     | Killed KristoblXynda's ghost
 11867 | D:11     | Reached skill level 5 in Evocations
 12009 | D:11     | Found a bloodstained altar of Trog.
 12593 | D:11     | Reached XP level 12. HP: 76/89 MP: 16/16
 13203 | D:11     | Noticed McCoppin's ghost (journeyman HaHu)
 13876 | D:12     | Gained mutation: You have large cloven feet. [mutagenic meat]
 13900 | D:12     | Noticed Harold
 13925 | D:12     | Killed Harold
 13925 | D:12     | Reached skill level 12 in Shields
 14259 | D:12     | Found a portal to a secret trove of treasure.
 14297 | D:12     | Reached skill level 5 in Fighting
 14380 | D:12     | Gained mutation: Your mind is very acute. (Int +4) [mutagenic meat]
 14383 | D:12     | Lost mutation: Your spells are harder to cast, but more powerful. [mutagenic meat]
 14695 | D:12     | Noticed Rupert
 14695 | D:12     | Paralysed by Rupert for 3 turns
 14710 | D:12     | Found a blossoming altar of Fedhas.
 14774 | D:12     | Gained mutation: Your flesh is cold resistant. (rC+) [mutagenic meat]
 14840 | D:12     | Learned a level 3 spell: Conjure Flame
 14906 | D:12     | Paralysed by Rupert for 7 turns
 14931 | D:12     | Mangled by Rupert

Vault maps used:
D:1:      dpeg_arrival_castle, dk_noncrumbling_4
D:2:      nicolae_gozag_cash_rules_everything_around_me
D:3:      serial_glass, glass_columns_a, glass_columns_b, uniq_sigmund
D:4:      serial_shops, nicolae_shop_trees, first_bread, portal_sewer_entry_d
D:5:      serial_shops, shop_statue
D:6:      serial_corexii_hall, corexii_hall_statues_i, corexii_hall_statues_s,
          corexii_hall_statues_t, corexii_hall_statues_deadend,
          ashenzari_altar_1, uniq_eustachio
D:7:      serial_shops, shop, basic_altar, uniq_duvessa, uniq_menkaure,
          uniq_pikel
D:8:      uniq_joseph
D:9:      david_lair_shrubbed
D:10:     erik_orc_1, hangedman_little_slice_of_home, minmay_misc_feat_cross,
          lemuel_hellish_altar
D:11:     trog_ov_bears_minmay
D:12:     nicolae_trove_entry_crossroad, basic_altar, uniq_rupert, uniq_harold
Temple:   roderic_octagonal_lattice_temple
Lair:1:   lemuel_slime, basic_altar, fungi_pond_lemuel, grunt_megastairs_3,
          uniq_sonja
Sewer:    sewer_co_tree

Skill      XL: |  1  2  3  4  5  6  7  8  9 10 11 12 |
---------------+-------------------------------------+-----
Dodging        | 3 4 5 6 8 9 |  9.4
Long Blades    | 3 4 5 7 8 10 11 | 11.7
Shields        | 4 5 7 8 10 11 12 | 12.4
Evocations     | 5 7 |  7.2
Fighting       | 5 |  5.6

Action                   |  1- 3 |  4- 6 |  7- 9 | 10-12 || total
-------------------------+-------+-------+-------+-------++-------
Melee: Long sword        |   107 |   136 |   463 |  1002 ||  1708
       Tailslap          |    11 |    12 |    66 |   127 ||   216
Throw: Javelin           |       |       |       |     1 ||     1
Invok: Curse Item        |       |       |     2 |     2 ||     4
 Abil: Breathe Fire      |       |       |    17 |    42 ||    59
Evoke: Wand              |       |       |       |    21 ||    21
  Use: Potion            |       |     1 |     2 |    16 ||    19
       Scroll            |       |    10 |     4 |    14 ||    28
 Stab: Sleeping          |       |     2 |     1 |     1 ||     4
  Eat: Beef jerky        |     1 |       |     1 |     5 ||     7
       Chunk             |       |     4 |    15 |    21 ||    40
       Pizza             |       |       |     2 |     2 ||     4
       Meat ration       |       |       |     1 |     1 ||     2
       Fruit             |       |       |       |     4 ||     4
       Bread ration      |       |       |       |     1 ||     1
       Royal jelly       |       |       |       |     2 ||     2
Armor: Skin              |    33 |    32 |   143 |   263 ||   471
Dodge: Dodged            |    55 |    39 |   217 |   447 ||   758
Block: Shield            |    55 |    63 |   230 |   531 ||   879
       Rpst.: Long sword |    17 |    16 |    55 |   111 ||   199
